 Dungeon Crawl Stone Soup version 0.30.1-11-g7821555f0a (webtiles) character file.

Game seed: 353765613076127575

105 KittyFluff the Cudgeller (level 4, -8/43 HPs)
             Began as a Gargoyle Berserker on Oct 28, 2023.
             Was a Believer of Trog.
             Mangled by fireball365's ghost (10 damage)
             ... on level 3 of the Dungeon.
             The game lasted 00:08:53 (2442 turns).

KittyFluff the Cudgeller (Gargoyle Berserker)       Turns: 2442, Time: 00:08:53

Health: -8/43      AC:  8    Str: 22    XL:     4   Next: 83%
Magic:  4/4        EV: 11    Int:  8    God:    Trog [**....]
Gold:   212        SH:  0    Dex:  9    Spells: 3/3 levels left

rFire   . . .        a - +0 mace
rCold   . . .        (no shield)
rNeg    + . .        k - +0 leather armour
rPois   ∞            (no helmet)
rElec   +            (no cloak)
rCorr   .            (no gloves)
SInv    .            n - +0 pair of boots
Will    .....        (no amulet) Stlth
                     (no ring)
HPRegen 0.27/turn    (no ring)
MPRegen 0.09/turn

%: no passive effects
@: berserking (expiring), very quick
A: sickness immunity, AC +3, negative energy resistance 1, electricity
resistance, torment resistance 1, petrification resistance
a: Renounce Religion, Berserk, Trog's Hand


You were on level 3 of the Dungeon.
You worshipped Trog.
Trog was pleased with you.
You visited 1 branch of the dungeon, and saw 3 of its levels.

You collected 212 gold pieces.

Inventory:

Hand Weapons
 a - a +0 mace (weapon)
Missiles
 t - 3 curare-tipped darts (quivered)
Armour
 k - a +0 leather armour (worn)
 n - a +0 pair of boots (worn)
Jewellery
 q - a ring of ice
Wands
 s - a wand of charming (10)
Scrolls
 c - 2 scrolls of teleportation {unknown}
 e - 2 scrolls of identify {unknown}
 g - 3 scrolls of fog {unknown}
 i - a scroll of amnesia {unknown}
 o - a scroll of blinking {unknown}
 u - a scroll of enchant armour {unknown}
Potions
 b - 2 potions of mutation {unknown}
 d - 2 potions of lignification {unknown}
 f - 2 potions of flight {unknown}
 h - 5 potions of curing {unknown}
 j - a potion of invisibility {unknown}
 l - 2 potions of degeneration {unknown}
 m - 3 potions of magic {unknown}
 p - a potion of heal wounds {unknown}
 r - 2 potions of resistance {unknown}


   Skills:
 + Level 3.8 Fighting
 * Level 4.0 Maces & Flails
 * Level 3.4 Armour
 + Level 2.1 Dodging


You had 3 spell levels left.
You didn't know any spells.
Your spell library was empty.

Dungeon Overview and Level Annotations

Branches:
Dungeon (3/15)

Altars:

Annotations:
D:3 1 transporter, fireball365's ghost, amateur HOFi


Innate Abilities, Weirdness & Mutations

You are immune to sickness and miasma.
Your stone body is resilient. (AC +3)
You are immune to poison.
You resist negative energy. (rN+)
You are resistant to electric shocks. (rElec)
You are resistant to unholy torment.
You are immune to petrification.


Message History

The bullfrog skeleton hits you but does no damage.
The centaur zombie closely misses you. x2
You hit the centaur zombie.
The centaur zombie is lightly damaged.
The centaur zombie barely misses you. The centaur zombie closely misses you.
You hit the centaur zombie.
The centaur zombie is moderately damaged.
The centaur zombie misses you. The centaur zombie barely misses you.
The centaur zombie closely misses you. x2
Fireball365's ghost whispers, "It is all a dream - a grotesque and foolish dream."
You completely miss the centaur zombie.
The centaur zombie is moderately damaged.
The centaur zombie completely misses you.
The centaur zombie kicks you but does no damage.
You hit the centaur zombie.
The centaur zombie is heavily damaged.
The centaur zombie hits you but does no damage.
The centaur zombie kicks you but does no damage.
The centaur zombie hits you but does no damage.
The centaur zombie kicks you.
You hit the centaur zombie.
The centaur zombie is heavily damaged.
The centaur zombie barely misses you. The centaur zombie closely misses you.
You hit fireball365's ghost but do no damage.
Fireball365's ghost lets out a mournful wail.
Fireball365's ghost hits you!
You barely miss fireball365's ghost. Fireball365's ghost hits you!
* * * LOW HITPOINT WARNING * * *
A red film seems to cover your vision as you go berserk!
You feel yourself moving faster!
You feel mighty! Fireball365's ghost hits you!
* * * LOW HITPOINT WARNING * * *
You sock fireball365's ghost!
Fireball365's ghost is moderately damaged.
Fireball365's ghost completely misses you.
You barely miss fireball365's ghost.
Fireball365's ghost is moderately damaged.
You hit fireball365's ghost but do no damage.
Fireball365's ghost is moderately damaged.
Fireball365's ghost hits you!
You die...

# #.#....#...(.......#..........
# #...#..#....)......#..........
##.###..#..###.###..#..........
###..###..#.(#8#.#8#..#[.........
..........#..........$#..........
.........©#.....©....(#©........#
########..#$...ZZZ....#..#.....##
#..#..#8#W#8#..#..#######
#..#..###@###..#..#
#..#...........#..#
#..#..........©#..#
#..#############..#
#.................#
#.................#
###################


You could see fireball365's ghost, a bullfrog zombie, a centaur zombie and a
bullfrog skeleton.

Vanquished Creatures
  Natasha (D:2)
  An adder (D:2)
  5 worms
  7 endoplasms
  8 goblins
  7 hobgoblins
  4 kobolds
  3 quokkas
  2 ball pythons
  5 bats
  9 frilled lizards
  5 rats
57 creatures vanquished.

Notes
Turn   | Place    | Note
-------+----------+-------------------------------------------
     0 | D:1      | KittyFluff the Gargoyle Berserker began the quest for the
                  | Orb.
     0 | D:1      | Reached XP level 1. HP: 14/14 MP: 1/1
   203 | D:1      | Reached XP level 2. HP: 19/19 MP: 2/2
   618 | D:1      | Reached XP level 3. HP: 23/23 MP: 3/3
   656 | D:1      | Reached ** piety under Trog
   954 | D:2      | HP: 1/23 [worm (2)]
  1343 | D:2      | Reached XP level 4. HP: 27/29 MP: 4/4
  1626 | D:2      | Noticed Natasha
  1648 | D:2      | Killed Natasha
  1938 | D:3      | Found a transporter.
  1959 | D:3      | Found a transporter.
  1965 | D:3      | Noticed fireball365's ghost (amateur HOFi)
  2181 | D:3      | Reached skill level 4 in Maces & Flails
  2439 | D:3      | HP: 1/43 [fireball365's ghost (11)]
  2442 | D:3      | Mangled by fireball365's ghost

Illustrated notes

Levels and vault maps discovered:
D:1:      matt_arrival_diagonals, layout_rooms
D:2:      layout_basic, uniq_natasha
D:3:      layout_rooms, gammafunk_ghost_mausoleum

Skill      XL: |  1  2  3  4 |
---------------+-------------+-----
Armour         | 3 |  3.4
Dodging        | 2 |  2.1
Maces & Flails | 4 |  4.0
Fighting       | |  3.8

Action                     |  1- 3 |  4- 6 || total
---------------------------+-------+-------++-------
  Melee: Mace              |   119 |    60 ||   179
         Punch             |     1 |       ||     1
 Invoke: Berserk           |       |     2 ||     2
 Armour: Animal skin       |    12 |       ||    12
         Leather armour    |    24 |    42 ||    66
  Dodge: Dodged            |    57 |    39 ||    96
